 Dungeon Crawl Stone Soup version 0.31-a0-1458-g2f8d4710b4 (webtiles) character file.

Game seed: 13353959038926068133

54 Groucho the Digger (level 3, -1/21 HPs)
             Began as a Deep Elf Earth Elementalist on Dec 28, 2023.
             Slain by a quokka (5 damage)
             ... on level 2 of the Dungeon.
             The game lasted 00:05:00 (3026 turns).

Groucho the Digger (Deep Elf Earth Elementalist)    Turns: 3026, Time: 00:05:01

Health: -1/21      AC:  2    Str:  5    XL:     3   Next: 66%
Magic:  8/9        EV: 13    Int: 21    God:
Gold:   63         SH:  0    Dex: 15    Spells: 4/8 levels left

rFire   . . .        e - +0 mace
rCold   . . .        (no shield)
rNeg    . . .        a - +0 robe
rPois   .            (no helmet)
rElec   .            (no cloak)
rCorr   .            (no gloves)
SInv    .            (no boots)
Will    .....        (no amulet)
Stlth   ++           (no ring)
HPRegen 0.23/turn    (no ring)
MPRegen 0.11/turn

%: no passive effects
@: very slightly contaminated
A: no striking features
a: no special abilities


You were on level 2 of the Dungeon.
You visited 1 branch of the dungeon, and saw 2 of its levels.

You collected 63 gold pieces.

Inventory:

Hand Weapons
 d - a +0 dagger
 e - a +0 mace (weapon)
Missiles
 n - 6 poisoned darts
 o - 3 boomerangs
Armour
 a - a +0 robe (worn)
 m - a +0 leather armour
 q - a +2 buckler
Magical Staves
 p - a staff of cold
Scrolls
 f - 3 scrolls of fear {unknown}
 g - a scroll of revelation {unknown}
 j - 4 scrolls of identify {unknown}
 k - a scroll of acquirement {unknown}
 l - a scroll of immolation {unknown}
 r - 3 scrolls of fog {unknown}
Potions
 b - a potion of magic
 c - 2 potions of haste {unknown}
 h - a potion of cancellation {unknown}
 i - 2 potions of curing {unknown}


   Skills:
 - Level 2.0 Fighting
 + Level 2.8 Dodging
 - Level 2.4 Stealth
 - Level 3.0 Spellcasting
 - Level 4.0 Earth Magic
 - Level 1.1 Alchemy


You had 4 spell levels left.
You knew the following spells:

 Your Spells              Type           Power      Damage    Failure   Level
a - Sandblast             Erth           38%        2d10      2%          1
b - Stone Arrow           Conj/Erth      22%        3d8       17%         3

Your spell library contained the following spells:

 Spells                   Type           Power      Damage    Failure   Level
 Passwall                 Erth           19%        N/A       8%          3
 Petrify                  Alch/Erth      13%        N/A       43%         4
 Brom's Barrelling Bould  Conj/Erth      11%        2d3       50%         4


Dungeon Overview and Level Annotations

Branches:
Dungeon (2/15)

Altars:
Fedhas

Annotations:
D:2 Natasha


Message History

Found a stone staircase leading down.
You see here a +2 buckler.
q - a +2 buckler You see here a +0 hand axe of freezing.
A rat comes into view.
The helpless rat fails to defend itself.
You hit the rat.
The rat is heavily wounded.
The rat closely misses you. The rat bites you.
You hit the rat but do no damage.
The rat is heavily wounded.
The rat bites you.
You hit the rat.
You kill the rat!
You see here a rat corpse.
HP restored.
r - 3 scrolls labelled SELY YNANWUWIUS You open the door.
A quokka comes into view.
There is an open door here.
A quokka is nearby!
The helpless quokka fails to defend itself.
You hit the quokka but do no damage. The quokka bites you.
You closely miss the quokka. The quokka bites you.
The quokka closely misses you.
You closely miss the quokka. The quokka closely misses you.
The quokka bites you.
You completely miss the quokka. The quokka bites you.
You are too injured to fight recklessly!
Casting: Sandblast (safe; 2% risk of failure)
Confirm with . or Enter, or press ? or * to list all spells.
Aiming: Sandblast (safe; 2% risk of failure)
Press: ? - help, Shift-Dir - straight line, f - quokka
Aim: a quokka (75% to hit)
You miscast Sandblast.
You are very lightly contaminated with residual magic.
Nothing appears to happen.
The quokka bites you.
* * * LOW HITPOINT WARNING * * *
The quokka bites you.
You die...

#.# #...............## #.#
##.................
#.#######.........#####.###
#.......'.........+.......#
#########.........#####.#.#
#......... #.#.# #.........
#.#.# #....##### #.#.#
#.@..# #.#†# #..r.# #.#[#
#....# #.#.# ###### #.#..
#†### #.... #####


You could see a quokka.

Vanquished Creatures
  2 dart slugs
  7 endoplasms
  A giant cockroach (D:1)
  2 goblins (D:1)
  2 hobgoblins (D:1)
  2 jackals (D:1)
  4 quokkas
  10 ball pythons
  5 bats
  4 kobolds
  5 rats
44 creatures vanquished.

Notes
Turn   | Place    | Note
-------+----------+-------------------------------------------
     0 | D:1      | Groucho the Deep Elf Earth Elementalist began the quest for
                  | the Orb.
     0 | D:1      | Reached XP level 1. HP: 10/10 MP: 6/6
   183 | D:1      | Reached skill level 1 in Fighting
   241 | D:1      | You fall into a shaft and drop 1 floor!
   251 | D:2      | Reached XP level 2. HP: 16/16 MP: 6/8
  1336 | D:2      | Noticed Natasha
  1442 | D:1      | Reached XP level 3. HP: 16/21 MP: 7/9
  1970 | D:1      | Reached skill level 4 in Earth Magic
  2763 | D:1      | Learned a level 3 spell: Stone Arrow
  2953 | D:2      | Found a blossoming altar of Fedhas.
  3026 | D:2      | Slain by a quokka

Illustrated notes

Levels and vault maps discovered:
D:1:      eino_arrival_druids_welcome, layout_loops_ring, wad_floor_pattern_1,
          minmay_splitting_lines
D:2:      layout_basic, basic_altar, uniq_natasha

Skill      XL: |  1  2  3 |
---------------+----------+-----
Fighting       | 1 2 |  2.0
Earth Magic    | 4 |  4.0
Dodging        | |  2.8
Stealth        | |  2.4
Spellcasting   | |  3.0
Alchemy        | |  1.1

Action                     || total
---------------------------++-------
  Melee: Mace              ||    15
   Cast: Sandblast         ||    49
   Stab: Sleeping          ||     4
 Armour: Robe              ||    20
  Dodge: Dodged            ||    31

Table legend: (Time is in decaauts)
 A = Elapsed time spent in this place.
 B = Non-inter-level travel time spent in this place.
 C = Inter-level travel time spent in this place.
 D = Time resting spent in this place.
 E = Time spent auto-exploring this place.
 F = Levels seen in this place.
 G = Mean time per level.
                   A        B        C        D        E       F      G
               +--------+--------+--------+--------+--------+-----+--------+
         Total |   3060 |   3017 |     43 |   1693 |    939 |   2 | 1530.0 |
       Dungeon |   3060 |   3017 |     43 |   1693 |    939 |   2 | 1530.0 |
               +--------+--------+--------+--------+--------+-----+--------+

Top non-repeatable levels by time:
     D:1: 1828 daAuts
     D:2: 1231 daAuts
